 Dungeon Crawl Stone Soup version 0.29.1-15-g9cfb28693d (webtiles) character file.

Game seed: 17826100006765573805

60 Peloso the Shield-Bearer (level 3, -3/33 HPs)
             Began as a Minotaur Fighter on Mar 12, 2023.
             Engulfed by a cloud of steam (4 damage)
             ... on level 3 of the Dungeon.
             The game lasted 00:03:32 (2705 turns).

Peloso the Shield-Bearer (Minotaur Fighter)         Turns: 2705, Time: 00:03:33

Health: -3/33      AC:  7    Str: 20    XL:     3   Next: 82%
Magic:  2/2        EV:  9    Int:  5    God:
Gold:   105        SH:  5    Dex: 11    Spells: 2/2 levels left

rFire   . . .      SeeInvis .   a - +2 long sword (holy)
rCold   . . .      Faith    .   c - +0 buckler
rNeg    . . .      Spirit   .   b - +0 scale mail
rPois   .          Reflect  .   (helmet restricted)
rElec   .          Harm     .   (no cloak)
rCorr   .          Rampage  .   (no gloves)
Will    .....                   (no boots)
Stlth   ..........              (no amulet)
HPRegen 0.11/turn               (no ring)
MPRegen 0.08/turn               (no ring)

@: no status effects
A: horns 2, retaliatory headbutt
a: no special abilities


You were on level 3 of the Dungeon.
You visited 1 branch of the dungeon, and saw 3 of its levels.

You collected 170 gold pieces.
You spent 65 gold pieces at shops.

Inventory:

Hand Weapons
 a - a +2 long sword of holy wrath (weapon)
Armour
 b - a +0 scale mail (worn)
 c - a +0 buckler (worn)
Scrolls
 f - 2 scrolls of teleportation
 g - 2 scrolls of identify
 h - a scroll of enchant weapon {unknown}
 j - a scroll of poison
Potions
 d - a potion of might
 e - 2 potions of haste {unknown}
 i - a potion of berserk rage {unknown}
 k - a potion of degeneration {unknown}


   Skills:
 + Level 4.1 Fighting
 + Level 3.0 Long Blades
 + Level 4.2 Armour
 + Level 1.0 Dodging
 + Level 4.4 Shields


You had 2 spell levels left.
You didn't know any spells.
Your spell library contained the following spells:

 Spells                   Type           Power      Damage    Failure   Level
 Ensorcelled Hibernation  Hex/Ice        0%         N/A       96%         2
 Passwall                 Tmut/Erth      0%         N/A       96%         2
 Call Canine Familiar     Summ           0%         N/A       99%         3
 Portal Projectile        Hex/Tloc       0%         N/A       99%         3
 Swiftness                Air            0%         N/A       99%         3
 Leda's Liquefaction      Hex/Erth       0%         N/A       100%        4


Dungeon Overview and Level Annotations

Branches:
Dungeon (3/15)

Altars:

Shops:
D:1 :   D:2 [?


Innate Abilities, Weirdness & Mutations

You have a pair of horns on your head.
You reflexively headbutt those who attack you in melee.


Message History

You are frozen.
You slash the endoplasm!
You kill the endoplasm!
You hit the steam dragon.
The steam dragon is lightly wounded.
The steam dragon closely misses you. The steam dragon claws you.
You barely miss the steam dragon. You headbutt the steam dragon.
The steam dragon is heavily wounded.
The steam dragon bites you.
The steam dragon claws you but does no damage.
You barely miss the steam dragon.
The steam dragon is heavily wounded.
You block the steam dragon's attack. The steam dragon closely misses you.
The steam dragon bites you but does no damage.
The steam dragon barely misses you.
You hit the steam dragon. Your headbutt misses the steam dragon.
The steam dragon is heavily wounded.
You block the steam dragon's attack. x2
You slash the steam dragon!
The steam dragon is severely wounded.
The steam dragon breathes steam at you. The ball of steam misses you.
The steam dragon bites you. You block the steam dragon's attack.
You hear an angry hiss.
You barely miss the steam dragon.
The steam dragon is severely wounded.
You are engulfed in a cloud of scalding steam.
The steam dragon breathes steam at you. The ball of steam hits you!
You hear a shout!
You hit the steam dragon. You headbutt the steam dragon.
The steam dragon is almost dead.
An adder comes into view.
The steam dragon breathes steam at you. The ball of steam hits you!
* * * LOW HITPOINT WARNING * * *
You hit the steam dragon.
You kill the steam dragon!
You are engulfed in a cloud of scalding steam.
You die...

># .# .# .# .###
########## S..
###........######§###.#
..'...†........§@.....#
###........######§#####
########## #.# ###
###.# ..# ...# ..# #.[#
..# #!.# ..# #..# ..#
#..#


You could see an adder.

Vanquished Creatures
  A steam dragon (D:3)
  2 worms
  2 dart slugs
  An orc (D:3)
  5 endoplasms
  A giant cockroach (D:3)
  5 goblins
  2 hobgoblins
  5 kobolds
  A quokka (D:2)
  2 ball pythons
  9 bats
  6 frilled lizards
  10 rats
52 creatures vanquished.

Notes
Turn   | Place    | Note
-------+----------+-------------------------------------------
     0 | D:1      | Peloso the Minotaur Fighter began the quest for the Orb.
     0 | D:1      | Reached XP level 1. HP: 19/19 MP: 0/0
   113 | D:1      | Reached XP level 2. HP: 27/27 MP: 1/1
   119 | D:1      | Found a faded altar of an unknown god.
   425 | D:1      | Found Beitas's Vocational Training.
   961 | D:2      | Found Bylim's Antique Armour Shoppe.
  1002 | D:2      | Found Veag's Magic Scroll Emporium.
  1010 | D:2      | Bought a scroll of teleportation for 39 gold pieces
  1010 | D:2      | Bought a scroll of identify for 26 gold pieces
  1279 | D:2      | Reached XP level 3. HP: 33/33 MP: 2/2
  2682 | D:3      | Reached skill level 1 in Dodging
  2695 | D:3      | Noticed a steam dragon
  2704 | D:3      | HP: 1/33 [steam dragon/ball of steam (11)]
  2705 | D:3      | Killed a steam dragon
  2705 | D:3      | Engulfed by a cloud of steam

Illustrated notes

Levels and vault maps discovered:
D:1:      minmay_arrival_plants_in_alcoves, layout_loops_cross,
          hellmonk_ecumenical_altar_pennies_from_heaven, nicolae_shop_vocational
D:2:      layout_basic, serial_shops, shop, shop, kennysheep_pointless_box
D:3:      layout_basic

Skill      XL: |  1  2  3 |
---------------+----------+-----
Fighting       | 4 |  4.1
Shields        | 4 |  4.4
Armour         | 4 |  4.2
Long Blades    | 3 |  3.0
Dodging        | 1 |  1.0

Action                   || total
-------------------------++-------
Melee: Long sword        ||   108
       Headbutt          ||    16
  Use: Scroll            ||     4
       Potion            ||     3
Armor: Scale mail        ||    47
Dodge: Dodged            ||    46
Block: Buckler           ||    37
